 Dungeon Crawl Stone Soup version 0.23.2 (webtiles) character file.

Game seed: 6034675759301177151

46147 Illumine the Nimble (level 14, -17/73 HPs)
             Began as a Spriggan Enchanter on Oct 14, 2019.
             Was an Elder of Qazlal.
             Killed from afar by a lindwurm (33 damage)
             ... with a blast of flame
             ... on level 5 of the Lair of Beasts.
             The game lasted 01:05:37 (23022 turns).

Illumine the Nimble (Spriggan Enchanter)           Turns: 23022, Time: 01:05:37

Health: -17/73     AC:  7    Str:  7    XL:     14   Next: 3%
Magic:  32/32      EV: 37    Int: 36    God:    Qazlal [****..]
Gold:   560        SH: 14    Dex: 18    Spells: 19/39 levels left

rFire    . . .     SeeInvis +   O - +8 dagger "Sarod" {pain, -Tele *Slow MR+ Int+9}
rCold    + . .     Gourm    .   b - +1 buckler
rNeg     . . .     Faith    .   C - +2 robe of the Unbroken {rC+ MR+ Str+3}
rPois    .         Spirit   .   M - +2 hat {Int+3}
rElec    .         Reflect  .   V - +0 cloak "Zyqon" {MR+ Int+4}
rCorr    .         Harm     .   (gloves unavailable)
MR       +++++     NoTele   +   (boots unavailable)
Stlth    ++........             (no amulet)
HPRegen  0.22/turn              I - +6 ring of evasion
MPRegen  0.23/turn              G - +4 ring of slaying

@: slowed, repel missiles, quick
A: very small, unfitting armour, see invisible, herbivore, speed 3, slow
metabolism 2
a: Upheaval, Elemental Force, Renounce Religion


You were on level 5 of the Lair of Beasts.
You worshipped Qazlal.
Qazlal was greatly pleased with you.
You were not hungry.

You visited 3 branches of the dungeon, and saw 18 of its levels.

You collected 1366 gold pieces.
You spent 806 gold pieces at shops.

Inventory:

Hand Weapons
 k - a +2 dagger of venom
 O - the +8 dagger "Sarod" (weapon) {pain, -Tele *Slow MR+ Int+9}
   (You bought it in a shop on level 2 of the Orcish Mines)

   In the hands of one skilled in necromantic magic, it inflicts extra damage on
   living creatures.
   It affects your intelligence (+9).
   It affects your resistance to hostile enchantments.
   It prevents most forms of teleportation.
   It may slow you when you take damage.
 R - the cursed +0 trident of Cyusk {antimagic, rC+ MR+ Int-5}
   (You found it on level 2 of the Lair of Beasts)

   It reduces the magical energy of the wielder, and disrupts the spells and
   magical abilities of those hit.
   Natural abilities and divine invocations are not affected.
   It affects your intelligence (-5).
   It protects you from cold.
   It affects your resistance to hostile enchantments.
   It has a curse placed upon it.
 Z - the +8 falchion of Opecki {freeze, rN+ Dex-2 SInv}
   (You found it on level 5 of the Lair of Beasts)

   It has been specially enchanted to freeze those struck by it, causing extra
   injury to most foes and up to half again as much damage against particularly
   susceptible opponents.
   It can also slow down cold-blooded creatures.
   It affects your dexterity (-2).
   It protects you from negative energy.
   It lets you see invisible.
Missiles
 s - 408 stones (quivered)
Armour
 b - a +1 buckler (worn)
 z - a scarf of spirit shield
 C - the +2 robe of the Unbroken (worn) {rC+ MR+ Str+3}
   (You took it off an orc on level 6 of the Dungeon)

   It affects your strength (+3).
   It protects you from cold.
   It affects your resistance to hostile enchantments.
 M - a +2 hat of intelligence (worn)
 V - the +0 cloak "Zyqon" (worn) {MR+ Int+4}
   (You found it on level 3 of the Lair of Beasts)

   It affects your intelligence (+4).
   It affects your resistance to hostile enchantments.
Magical Staves
 j - an uncursed staff of cold
 F - an uncursed staff of wizardry
Jewellery
 r - an uncursed ring of poison resistance
 G - a +4 ring of slaying (right hand)
 I - a +6 ring of evasion (left hand)
 J - an uncursed ring of flight
 W - the ring of Nunetale {MR+ Str+4}
   (You found it on level 3 of the Lair of Beasts)

   [ring of protection from magic]

   It affects your strength (+4).
   It affects your resistance to hostile enchantments.
 Y - an uncursed ring of teleportation
Wands
 u - a wand of random effects (27)
 x - a wand of flame (42)
 B - a wand of disintegration (25)
 H - a wand of iceblast (7)
 L - a wand of enslavement (8)
 T - a wand of paralysis (9)
 X - a wand of polymorph (7)
Scrolls
 a - a scroll of vulnerability {unknown}
 e - a scroll of silence {unknown}
 i - 6 scrolls of remove curse
 o - 3 scrolls of amnesia
 t - 2 scrolls of fog
 w - a scroll of enchant weapon
 y - a scroll of identify
 D - a scroll of immolation
 K - 2 scrolls of teleportation
 N - a scroll of enchant armour
 P - a scroll of fear
 S - 3 scrolls of blinking
Potions
 c - 2 potions of heal wounds
 f - 5 potions of brilliance
 g - a potion of ambrosia
 h - 11 potions of flight
 l - a potion of invisibility
 m - 3 potions of lignification
 n - a potion of magic {unknown}
 p - 6 potions of resistance
 q - a potion of might {unknown}
 v - 3 potions of berserk rage
 A - 3 potions of haste
 Q - 4 potions of curing
Miscellaneous
 E - a crystal ball of energy
 U - a phantom mirror
Comestibles
 d - 31 rations


   Skills:
 + Level 8.2 Fighting
 + Level 7.8 Short Blades
 + Level 14.2 Dodging
 - Level 5.3 Stealth
 - Level 5.0 Shields
 + Level 13.0 Spellcasting
 - Level 12.0 Hexes
 * Level 4.2 Necromancy
 - Level 8.2 Invocations
 - Level 5.4 Evocations


You had 19 spell levels left.
You knew the following spells:

 Your Spells              Type           Power        Failure   Level  Hunger
b - Ensorcelled Hibernat  Hex/Ice        ######       1%          2    None
c - Confuse               Hex            #######.     1%          3    None
d - Dazzling Spray        Conj/Hex       ######       1%          3    None
e - Tukima's Dance        Hex            #######.     1%          3    None
f - Cause Fear            Hex            #######...   1%          4    None
g - Leda's Liquefaction   Hex/Erth       ######....   1%          4    None
h - Pain                  Necr           ####         1%          1    None

Your spell library contained the following spells:

 Spells                   Type           Power        Failure   Level  Hunger
 Corona                   Hex            #######      0%          1    None
 Flame Tongue             Conj/Fire      ###..        1%          1    None
 Magic Dart               Conj           ###.         1%          1    None
 Slow                     Hex            #######.     1%          2    None
 Inner Flame              Hex/Fire       ######..     1%          3    None
 Portal Projectile        Hex/Tloc       ######       1%          3    None
 Blink                    Tloc           N/A          3%          2    None
 Call Imp                 Summ           ###.....     3%          2    None
 Throw Flame              Conj/Fire      ###...       3%          2    None
 Conjure Flame            Conj/Fire      ###.....     6%          3    None
 Mephitic Cloud           Conj/Pois/Air  ###.....     6%          3    None
 Sticky Flame             Conj/Fire      ###.....     19%         4    None
 Fireball                 Conj/Fire      ###.......   47%         5    None


Dungeon Overview and Level Annotations

Branches:
Dungeon (11/15)            Temple (0/1) D:7            Lair (5/6) D:11
 Shoals (0/4) Lair:2       Spider (0/4) Lair:3          Orc (2/2) D:11
    Elf (0/3) Orc:2
  Slime: Lair:5-6

Altars:
Ashenzari
Dithmenos
Gozag
Hepliaklqana
Kikubaaqudgha
Makhleb
Qazlal
Ru
Sif Muna
Trog
Vehumet
Wu Jian
The Shining One
Beogh

Shops:
Orc:1 [   Orc:2 (*(?=

Annotations:
D:3 Grinder


Innate Abilities, Weirdness & Mutations

You are very small and have problems with some larger weapons.
You are too small for most types of armour.
You have supernaturally acute eyesight. (SInv)
You are a herbivore.
You cover ground extremely quickly.
You need to consume almost no food.


Message History

You hear a roar!
You hear a roar!
You hear a roar!
You hear a roar!
You hear a roar!
Found 13 bolts.
You hear a roar!
The lindwurm roars! x2
A lindwurm comes into view.
Found a potion of curing.
Q - 4 potions of curing (gained 1)
The lindwurm breathes flames at you. The blast of flame hits you!!
The lindwurm breathes flames at you. The blast of flame hits you!!
* * * LOW HITPOINT WARNING * * *
You feel yourself slow down. The lindwurm breathes flames at you.
The blast of flame hits you!!
You die...

.###......##
...##...P..#
..# ......
...# #..
......
....###.#
...§..
........
...§§≈
≈§.....#
.≈≈≈§§
§§§§.☼.###
§≈§§≈≈
§§§§§...#.#
§≈≈≈§≈
§§≈§§§.@.##
§≈≈§≈.
§≈§§≈≈..○.#
≈≈≈k..
§.≈§§☼≈...#
§§≈§k#
..§§≈≈○..P#
§§..#.
#§k≈≈≈≈○..#
≈§.##
##k≈§§≈≈°.##
≈≈.#
##k§≈§§≈...#
≈≈..#
.#.k§§≈≈..○.#
≈≈≈..
#..§≈§≈≈..###


You could see 4 lindwurms.

Vanquished Creatures
  Rupert (Orc:2)
  Gastronok (D:10)
  Snorg (D:11)
  Erolcha (Orc:2)
  2 hydras
  A two-headed ogre (D:11)
  Urug (Lair:2)
  4 death yaks
  5 orc high priests (Orc:2)
  Nergalle (Lair:2)
  3 unseen horrors
  A wizard (D:9)
  An orc sorcerer (Orc:1)
  4 orc knights (Orc:2)
  A cyclops (Orc:2)
  8 elephants
  2 merfolk sirens (Lair:2)
  A centaur zombie (D:7)
  7 spiny frogs
  7 komodo dragons
  A rime drake (Lair:4)
  2 merfolk (Lair:2)
  A polar bear (Lair:5)
  5 trolls
  4 blink frogs (Lair:4)
  3 hippogriffs
  Sigmund (D:4)
  2 wraiths (D:10)
  4 hogs (D:8)
  35 yaks
  2 basilisks
  A human (D:8)
  A steam dragon (D:10)
  2 wargs
  Edmund (D:4)
  7 porcupines
  10 water moccasins
  2 eyes of draining (D:9)
  32 orc warriors
  5 ice beasts
  A phantom (D:5)
  5 ogres
  3 wolves (D:11)
  A centaur (D:6)
  4 crocodiles
  Blork the orc (D:6)
  9 bullfrogs
  2 scorpions
  3 killer bees (D:9)
  5 electric eels (D:11)
  5 wights (D:11)
  3 howler monkeys
  3 crimson imps
  A jelly (D:6)
  6 hounds
  30 orc priests
  3 quasits
  2 bullfrog skeletons
  A gnoll shaman (D:10)
  2 centaur skeletons
  2 iguanas (D:7)
  Ijyb (D:4)
  18 orc wizards
  5 worker ants
  A howler monkey skeleton (D:7)
  5 adders
  9 gnolls
  3 shadow imps
  An ooze (D:1)
  2 adder skeletons
  2 worms
  3 leopard geckos
  73 orcs
  3 ball pythons
  7 bats
  4 giant cockroaches
  8 goblins
  8 hobgoblins
  6 jackals
  3 quokkas
  3 frilled lizards
  4 kobolds
  2 quokka skeletons
  5 rats
  A butterfly (Lair:4)
443 creatures vanquished.

Vanquished Creatures (others)
  An adder (D:5)
  An orc (D:11)
  3 fungi
  3 plants
8 creatures vanquished.

Grand Total: 451 creatures vanquished

Notes
Turn   | Place    | Note
-------+----------+-------------------------------------------
     0 | D:1      | Illumine the Spriggan Enchanter began the quest for the
                  | Orb.
     0 | D:1      | Reached XP level 1. HP: 9/9 MP: 5/5
    73 | D:1      | Reached XP level 2. HP: 12/13 MP: 6/6
   148 | D:1      | Learned a level 2 spell: Ensorcelled Hibernation
   389 | D:1      | Reached skill level 5 in Stealth
  1086 | D:2      | Reached XP level 3. HP: 7/16 MP: 6/8
  1983 | D:2      | Found a stormy altar of Qazlal.
  1989 | D:2      | Noticed a water elemental
  1991 | D:2      | Noticed an air elemental
  1992 | D:2      | Noticed a fire elemental
  1992 | D:2      | Noticed an earth elemental
  2185 | D:2      | Became a worshipper of Qazlal Stormbringer
  2223 | D:2      | Found a sacrificial altar of Ru.
  2304 | D:2      | Found a faded altar of an unknown god.
  2710 | D:3      | Found a shattered altar of Ashenzari.
  2801 | D:3      | Noticed Grinder
  2870 | D:4      | Reached XP level 4. HP: 14/21 MP: 2/9
  3009 | D:4      | Found a burning altar of Makhleb.
  3017 | D:4      | Learned a level 3 spell: Confuse
  3087 | D:4      | Noticed Sigmund
  3088 | D:4      | Noticed Edmund
  3190 | D:4      | Killed Sigmund
  3190 | D:4      | Reached skill level 4 in Dodging
  3190 | D:4      | Reached XP level 5. HP: 24/24 MP: 5/11
  3296 | D:4      | Reached XP level 6. HP: 28/28 MP: 7/13
  3317 | D:4      | Found a hazy altar of Hepliaklqana.
  3331 | D:4      | Noticed Ijyb
  3338 | D:4      | Killed Ijyb
  3424 | D:4      | Killed Edmund
  3424 | D:4      | Reached skill level 5 in Dodging
  3424 | D:4      | Reached skill level 5 in Hexes
  3583 | D:4      | Learned a level 3 spell: Dazzling Spray
  3587 | D:4      | Learned a level 3 spell: Tukima's Dance
  3668 | D:4      | Reached * piety under Qazlal
  3668 | D:4      | Reached XP level 7. HP: 32/32 MP: 11/14
  3736 | D:4      | Reached skill level 5 in Short Blades
  4016 | D:5      | Entered Level 5 of the Dungeon
  4350 | D:5      | Found a radiant altar of Vehumet.
  4367 | D:5      | Found an ancient bone altar of Kikubaaqudgha.
  4368 | D:5      | Found a deep blue altar of Sif Muna.
  4372 | D:5      | Identified Kikubaaqudgha's Handbook of Sinister Rituals
  4396 | D:5      | Reached skill level 5 in Spellcasting
  4434 | D:5      | Found an opulent altar of Gozag.
  4713 | D:5      | Found a shadowy altar of Dithmenos.
  5022 | D:6      | Reached skill level 6 in Dodging
  5022 | D:6      | Identified the +2 robe of the Unbroken {rC+ MR+ Str+3}
  5198 | D:6      | Reached skill level 1 in Fighting
  5256 | D:6      | Reached XP level 8. HP: 14/37 MP: 4/18
  5806 | D:6      | Noticed Blork the orc
  5851 | D:5      | Reached skill level 7 in Dodging
  5938 | D:6      | Killed Blork the orc
  6233 | D:7      | Noticed a troll
  6295 | D:7      | Killed a troll
  6671 | D:7      | Found a staircase to the Ecumenical Temple.
  6866 | D:7      | Reached XP level 9. HP: 33/43 MP: 19/22
  7160 | D:7      | Found an ornate altar of the Wu Jian Council.
  7335 | D:7      | Reached skill level 8 in Dodging
  7351 | D:7      | Reached ** piety under Qazlal
  8172 | D:8      | Reached skill level 1 in Evocations
  8213 | D:8      | Reached skill level 1 in Invocations
  8535 | D:8      | Reached skill level 1 in Shields
  8954 | D:9      | Noticed a troll
  8973 | D:9      | Killed a troll
  8977 | D:9      | Reached skill level 9 in Dodging
  9093 | D:9      | Reached XP level 10. HP: 49/49 MP: 20/23
  9723 | D:9      | Learned a level 4 spell: Cause Fear
  9744 | D:9      | Noticed a wizard
  9754 | D:9      | Killed a wizard
  9806 | D:9      | Found a bloodstained altar of Trog.
 10059 | D:10     | Entered Level 10 of the Dungeon
 10231 | D:10     | Noticed Gastronok
 10554 | D:10     | Reached *** piety under Qazlal
 11197 | D:11     | Noticed an unseen horror
 11201 | D:11     | Killed an unseen horror
 11201 | D:11     | Reached skill level 5 in Evocations
 11208 | D:11     | Noticed an unseen horror
 11212 | D:11     | Killed an unseen horror
 11212 | D:11     | Reached skill level 10 in Dodging
 11520 | D:10     | Reached XP level 11. HP: 54/54 MP: 21/25
 11715 | D:10     | Noticed an unseen horror
 11718 | D:10     | Killed an unseen horror
 11948 | D:11     | Reached skill level 5 in Fighting
 11948 | D:11     | Reached skill level 10 in Spellcasting
 12062 | D:11     | Noticed Snorg
 12079 | D:11     | Killed Snorg
 12240 | D:11     | Noticed a two-headed ogre
 12252 | D:11     | Killed a two-headed ogre
 12252 | D:11     | Reached skill level 5 in Invocations
 12361 | D:11     | Found a staircase to the Lair.
 12763 | D:11     | Reached **** piety under Qazlal
 12806 | D:11     | Found a roughly hewn altar of Beogh.
 12806 | D:11     | Found a staircase to the Orcish Mines.
 13171 | Lair:1   | Entered Level 1 of the Lair of Beasts
 13318 | D:11     | Learned a level 4 spell: Leda's Liquefaction
 13328 | Lair:1   | Reached skill level 11 in Dodging
 13395 | Lair:1   | Reached skill level 10 in Hexes
 14074 | Lair:1   | Noticed a four-headed hydra
 14096 | Lair:1   | Killed a four-headed hydra
 14096 | Lair:1   | Reached skill level 5 in Shields
 14699 | Lair:2   | Noticed Nergalle
 14700 | Lair:2   | Noticed Urug
 14703 | Lair:1   | Reached XP level 12. HP: 60/60 MP: 24/27
 14926 | D:10     | Found a glowing golden altar of the Shining One.
 15240 | D:10     | Killed Gastronok
 15454 | Orc:1    | Entered Level 1 of the Orcish Mines
 15454 | Orc:1    | Found Laosotz's Armour Shoppe.
 15464 | Orc:1    | Reached skill level 12 in Dodging
 15500 | Orc:1    | Bought a scarf of spirit shield for 117 gold pieces
 15809 | Orc:2    | Entered Level 2 of the Orcish Mines
 15810 | Orc:2    | Found Muamesuf's Jewellery Emporium.
 16285 | Orc:2    | Found a roughly hewn altar of Beogh.
 16361 | Orc:2    | Noticed Erolcha
 16398 | Orc:2    | Killed Erolcha
 16411 | Orc:2    | Noticed an orc high priest
 16583 | Orc:2    | Killed an orc high priest
 16735 | Orc:2    | Noticed Rupert
 16755 | Orc:2    | Killed Rupert
 16812 | Orc:2    | Noticed an orc high priest
 16829 | Orc:2    | Killed an orc high priest
 17221 | Orc:2    | Reached XP level 13. HP: 38/67 MP: 16/30
 17224 | Orc:2    | Reached skill level 13 in Dodging
 18147 | Orc:2    | Reached ***** piety under Qazlal
 18497 | Orc:2    | Found Foydgh's Weapon Shoppe.
 18500 | Orc:2    | Found Vokhil's Antique Weapon Shoppe.
 18501 | Orc:2    | Found Oriet's Magic Scroll Shoppe.
 18502 | Orc:2    | Found Uxyxief's Assorted Antiques.
 18506 | Orc:2    | Bought a crystal ball of energy for 500 gold pieces
 18508 | Orc:2    | Bought an ichor-stained dagger for 189 gold pieces
 18513 | Orc:2    | Identified the +8 dagger "Sarod" {pain, -Tele *Slow MR+
                  | Int+9} (You bought it in a shop on level 2 of the Orcish
                  | Mines)
 18574 | Orc:2    | Found a staircase to the Elven Halls.
 18889 | Lair:2   | Killed Nergalle
 18892 | Lair:2   | Killed Urug
 19037 | Lair:2   | Found a staircase to the Shoals.
 19146 | Lair:2   | Learned a level 1 spell: Pain
 19322 | Lair:2   | Got a pitted trident
 19323 | Lair:2   | Identified the cursed +0 trident of Cyusk {antimagic, rC+
                  | MR+ Int-5} (You found it on level 2 of the Lair of Beasts)
 19690 | Lair:3   | Reached skill level 1 in Necromancy
 20069 | Lair:3   | Got a blackened cloak
 20073 | Lair:3   | Identified the +0 cloak "Zyqon" {MR+ Int+4} (You found it
                  | on level 3 of the Lair of Beasts)
 20292 | Lair:3   | Got an ancient lead ring
 20296 | Lair:3   | Identified the ring of Nunetale {MR+ Str+4} (You found it
                  | on level 3 of the Lair of Beasts)
 20343 | Lair:3   | Found a hole to the Spider Nest.
 20972 | Lair:4   | Reached skill level 14 in Dodging
 22523 | Lair:5   | Reached XP level 14. HP: 65/73 MP: 22/31
 22748 | Lair:5   | Got an ichor-stained falchion
 22761 | Lair:5   | Identified the +8 falchion of Opecki {freeze, rN+ Dex-2
                  | SInv} (You found it on level 5 of the Lair of Beasts)
 23022 | Lair:5   | Killed from afar by a lindwurm

Skill      XL: |  1  2  3  4  5  6  7  8  9 10 11 12 13 14 |
---------------+-------------------------------------------+-----
Short Blades   | 2 3 4 5 6 7 |  7.8
Stealth        | 5 |  5.3
Spellcasting   | 3 4 6 8 9 10 12 13 | 13.0
Hexes          | 4 5 6 7 8 9 10 11 12 | 12.0
Dodging        | 4 5 6 7 9 10 11 12 14 | 14.2
Fighting       | 1 2 3 4 5 7 8 |  8.2
Evocations     | 3 5 |  5.4
Invocations    | 2 4 5 7 8 |  8.2
Shields        | 1 3 5 |  5.0
Necromancy     | 4 |  4.2

Action                   |  1- 3 |  4- 6 |  7- 9 | 10-12 | 13-15 || total
-------------------------+-------+-------+-------+-------+-------++-------
Melee: Dagger            |   155 |    29 |   390 |   645 |   305 ||  1524
 Cast: Corona            |     2 |       |       |       |       ||     2
       Ensorcelled Hiber |     8 |     6 |    70 |   204 |    93 ||   381
       Confuse           |       |     3 |    41 |    46 |    26 ||   116
       Dazzling Spray    |       |       |       |     6 |     5 ||    11
       Cause Fear        |       |       |       |     2 |       ||     2
       Leda's Liquefacti |       |       |       |     1 |     2 ||     3
Invok: Upheaval          |       |       |       |     4 |     4 ||     8
Evoke: Wand              |       |       |       |     8 |       ||     8
  Use: Scroll            |     1 |       |     5 |     4 |    23 ||    33
       Potion            |       |       |       |     1 |       ||     1
 Stab: Sleeping          |    22 |    10 |    35 |    98 |    31 ||   196
       Distracted        |     2 |     1 |       |       |       ||     3
       Confused          |       |     2 |    31 |    22 |    15 ||    70
       Invisible         |       |       |       |     2 |       ||     2
  Eat: Ration            |       |     1 |     4 |     4 |     3 ||    12
Armor: Robe              |    13 |       |    19 |    36 |    12 ||    80
Dodge: Dodged            |   110 |    13 |   267 |   483 |   302 ||  1175
       Deflected         |       |       |       |     2 |       ||     2
Block: Other             |       |       |    18 |    18 |       ||    36
       Buckler           |       |       |       |   227 |   231 ||   458
